Wild vs Oilers

Created - 22 décembre 2023 at 15:06

Goals
1 2 3 T
Wild 0 0 1 1
Oilers 0 3 1 4
Shots
1 2 3 T
Wild 8 13 5 26
Oilers 10 14 8 32

GoalsPenalties
1st period
No Goal
Alex DeBrincat (MIW) for Holding (Minor) at 10:58
Brayden Schenn (EDM) for Goalie Interference (Minor) at 17:31
2nd period
1. Oilers , Phillip Danault 18 (Brayden Schenn 8, Barrett Hayton 22) at 6:35
2. Oilers , Tim Stutzle 9 (Connor McDavid 13) at 9:52 (PP)
3. Oilers , Brayden Schenn 9 (Phillip Danault 17, Ryan Graves 7) at 15:08 (PP)
Brad Marchand (MIW) for Holding Stick (Minor) at 9:46
Alexandre Carrier (MIW) for Tripping (Minor) at 13:35
3rd period
4. Wild , Adrian Kempe 5 (William Nylander 12, Devon Toews 8) at 0:54
5. Oilers , Connor McDavid 13 (Owen Power 8) at 11:52 (PP)
Alex DeBrincat (MIW) for Roughing (Minor) at 7:11
Devon Toews (MIW) for Holding (Minor) at 11:23
Goalie Stats
Jake Oettinger (MIW), 28 saves from 32 shots - (0,875), L, 16-8-3, 60:00 minutes
Joonas Korpisalo (EDM), 25 saves from 26 shots - (0,962), W, 14-5-3, 60:00 minutes
3 StarsOfficial
1 - Phillip Danault (EDM)
2 - Connor McDavid (EDM)
3 - Joonas Korpisalo (EDM)
Referees : Jim Curtin and Pierre Lambert
Linesman : Neil Campbell and Kelsey Mahoney
Game Note
No Game Note
Finance
Level 1 -- Attendance: 4503 (75,05%) -- Ticket Income $472,815
Level 2 -- Attendance: 4751 (95,02%) -- Ticket Income $308,815
Level 3 -- Attendance: 1939 (96,95%) -- Ticket Income $73,682
Level 4 -- Attendance: 3797 (94,93%) -- Ticket Income $87,331
Luxury Box -- Attendance: 1000 (100,00%) -- Ticket Income $190,000
Game was played at the Edmonton Coliseum.
Total Attendance: 15990 (88,83%)
Total Ticket Income: $1,132,643
Other Income: $554,995
Total Income: $1,687,638



Team Name Goals Shots Shots Attemp Shots Blocked PIM HIT PP PK FO%
Wild 126491710210 / 1 (0%)355%
Oilers 432713293 / 5 (60%)045%

Wild
Player Name POS G A P +/- PIM HIT SHT SB MP PP MP PP SHT PK MP PK SHT FO% FOT GA TA
Adrian KempeLW/RW1011003114:450:3601:2900% 010
Alex DeBrincatLW/RW0000401013:580:4600:0000% 010
Alexander EdlerD0000020218:230:0002:5900% 000
Alexandre CarrierD0000220316:100:0000:5100% 000
Brad MarchandLW/RW000-1214119:050:4600:4110% 210
Brandon CarloD0000030015:520:0000:4400% 000
Brayden McNabbD0000012124:210:3602:4600% 000
Chris TierneyC0000001010:540:0001:18025% 410
Devon ToewsD0110222223:451:2300:5800% 010
Elias LindholmC/RW0001021015:151:2300:47040% 500
Jack EichelC/RW0000000012:490:4600:00029% 700
Kevin StenlundC/RW0000000115:320:0003:320100% 100
Kirill MarchenkoRW000000108:260:0000:0000% 010
Mario FerraroD0000010419:040:0003:5400% 001
Patrice BergeronC000-1024218:481:1310:00068% 2811
Ryan Nugent-HopkinsC/LW000-1025021:351:1302:47063% 800
William NylanderC/LW/RW0111001013:531:1310:0000% 000
Yakov TreninC/LW0000031011:140:0001:3800% 000
Oilers
Player Name POS G A P +/- PIM HIT SHT SB MP PP MP PP SHT PK MP PK SHT FO% FOT GA TA
Alec MartinezD0001000019:552:0401:1300% 000
Barrett HaytonC/LW0111001019:371:4701:0100% 010
Brayden SchennC/LW/RW1121204019:001:4710:0000% 200
Brendan GallagherRW000-1002010:360:4900:0000% 000
Cody GlassC000-1000010:300:4300:00033% 301
Connor McDavidC/LW1120025020:533:2310:58046% 2602
Craig SmithC/LW/RW000000008:470:0000:0000% 100
Erik GudbransonD0000012019:080:0001:1300% 000
Ilya LyubushkinD0001001016:530:0000:4600% 000
John CarlsonD000-1010021:534:0200:0000% 002
Miles WoodLW/RW000000408:570:1000:000100% 110
Nico SturmC/LW0000012010:180:3001:01071% 700
Owen PowerD0110000121:504:0200:0000% 000
Owen TippettLW/RW0000030019:273:2000:000100% 101
Phillip DanaultC/LW/RW1121016219:591:4710:58040% 1000
Pierre EngvallLW/RW000-1000010:230:3800:000100% 100
Ryan GravesD011-1001020:212:0400:4600% 001
Tim StutzleC/LW1010004019:333:2420:0000% 300

Wild

5 vs 5 Forward
Line #Left WingCenterRight WingPHYDFOFWanted %Time %Time Play
1Ryan Nugent-HopkinsPatrice BergeronBrad Marchand0233534%17:36
2William NylanderElias LindholmAdrian Kempe0142727%13:54
3Alex DeBrincatJack EichelKevin Stenlund0232523%11:59
4Yakov TreninChris TierneyKirill Marchenko1311316%8:26
5 vs 5 Defense
Line #DefenseDefensePHYDFOFWanted %Time %Time Play
1Devon ToewsBrayden McNabb0234040%20:56
2Brandon CarloMario Ferraro0233029%15:08
3Alexander EdlerAlexandre Carrier1222530%15:20
4Devon ToewsBrayden McNabb02351%0:31
Power Play Forward
Line #Left WingCenterRight WingPHYDFOFWanted %Time %Time Play
1William NylanderPatrice BergeronRyan Nugent-Hopkins0056061%1:13
2Brad MarchandJack EichelAlex DeBrincat0054039%0:46
Power Play Defense
Line #DefenseDefensePHYDFOFWanted %Time %Time Play
1Devon ToewsElias Lindholm0146070%1:23
2Brayden McNabbAdrian Kempe0144030%0:36
Penalty Kill 4 Players Forward
Line #CenterWingPHYDFOFWanted %Time %Time Play
1Ryan Nugent-HopkinsKevin Stenlund0506079%4:48
2Chris TierneyYakov Trenin0504021%1:18
Penalty Kill 4 Players Defense
Line #DefenseDefensePHYDFOFWanted %Time %Time Play
1Mario FerraroAlexander Edler1406055%3:20
2Brayden McNabbAlexandre Carrier0504045%2:46
Penalty Kill 3 Players
Line #WingPHYDFOFWanted %Time %Time PlayDefenseDefensePHYDFOFWanted %Time %Time Play
1Kevin Stenlund140600%0:00 Mario FerraroAlexander Edler050600%0:00
2Yakov Trenin140400%0:00 Brayden McNabbAlexandre Carrier050400%0:00
4 vs 4 Forward
Line #CenterWingPHYDFOFWanted %Time %Time Play
1Ryan Nugent-HopkinsWilliam Nylander122600%0:00
2Patrice BergeronBrad Marchand122400%0:00
4 vs 4 Defense
Line #DefensePHYDFOFWanted %Time %Time Play
1Devon ToewsAlexander Edler122600%0:00
2Brayden McNabbMario Ferraro122400%0:00
Last Minutes Offensive
Left WingCenterRight WingDefenseDefense
William NylanderPatrice BergeronBrad MarchandDevon ToewsMario Ferraro
Last Minutes Defensive
Left WingCenterRight WingDefenseDefense
Ryan Nugent-HopkinsPatrice BergeronKevin StenlundBrandon CarloBrayden McNabb
Time
Total ForwardTotal DefenseLast Minutes OffensiveLast Minutes Defensive
60:00 60:00 0:000:00
Extra Forwards
Normal PowerPlayPenalty Kill
Adrian Kempe, Elias Lindholm, Alex DeBrincatAdrian Kempe, Elias LindholmAdrian Kempe
Extra Defensemen
Normal PowerPlayPenalty Kill
Mario Ferraro, Alexander Edler, Alexandre CarrierMario Ferraro, Mario FerraroAlexander Edler
Penalty Shots
Ryan Nugent-Hopkins, Patrice Bergeron, William Nylander, Brad Marchand, Adrian Kempe
Goalie
Jake Oettinger, James Reimer
Custom OT Lines Forwards
Ryan Nugent-Hopkins, Patrice Bergeron, William Nylander, Brad Marchand, Adrian Kempe, Elias Lindholm, Alex DeBrincat, Jack Eichel, Kirill Marchenko, Yakov Trenin
Custom OT Lines Defensemen
Devon Toews, Alexandre Carrier, Brayden McNabb, Mario Ferraro, Alexander Edler
Scratches
None

Oilers

5 vs 5 Forward
Line #Left WingCenterRight WingPHYDFOFWanted %Time %Time Play
1Tim StutzleConnor McDavidOwen Tippett0143631%16:09
2Barrett HaytonPhillip DanaultBrayden Schenn1223433%17:14
3Pierre EngvallCody GlassBrendan Gallagher1221819%9:45
4Miles WoodNico SturmCraig Smith1311217%8:47
5 vs 5 Defense
Line #DefenseDefensePHYDFOFWanted %Time %Time Play
1Ryan GravesJohn Carlson1223635%18:20
2Owen PowerErik Gudbranson1223434%17:28
3Alec MartinezIlya Lyubushkin1223031%16:07
4John CarlsonErik Gudbranson12200%0:00
Power Play Forward
Line #Left WingCenterRight WingPHYDFOFWanted %Time %Time Play
1Tim StutzleConnor McDavidOwen Tippett0056071%4:19
2Barrett HaytonPhillip DanaultBrayden Schenn0054029%1:47
Power Play Defense
Line #DefenseDefensePHYDFOFWanted %Time %Time Play
1Owen PowerJohn Carlson0147066%4:02
2Ryan GravesAlec Martinez0143034%2:04
Penalty Kill 4 Players Forward
Line #CenterWingPHYDFOFWanted %Time %Time Play
1Nico SturmBarrett Hayton0505051%1:01
2Phillip DanaultConnor McDavid0505049%0:58
Penalty Kill 4 Players Defense
Line #DefenseDefensePHYDFOFWanted %Time %Time Play
1Alec MartinezErik Gudbranson1405061%1:13
2Ryan GravesIlya Lyubushkin1405039%0:46
Penalty Kill 3 Players
Line #WingPHYDFOFWanted %Time %Time PlayDefenseDefensePHYDFOFWanted %Time %Time Play
1Nico Sturm050500%0:00 Alec MartinezErik Gudbranson140500%0:00
2Phillip Danault050500%0:00 Ryan GravesIlya Lyubushkin140500%0:00
4 vs 4 Forward
Line #CenterWingPHYDFOFWanted %Time %Time Play
1Connor McDavidTim Stutzle113500%0:00
2Phillip DanaultBrayden Schenn122500%0:00
4 vs 4 Defense
Line #DefensePHYDFOFWanted %Time %Time Play
1Ryan GravesJohn Carlson122500%0:00
2Owen PowerErik Gudbranson122500%0:00
Last Minutes Offensive
Left WingCenterRight WingDefenseDefense
Tim StutzleConnor McDavidOwen TippettOwen PowerJohn Carlson
Last Minutes Defensive
Left WingCenterRight WingDefenseDefense
Connor McDavidNico SturmPhillip DanaultRyan GravesErik Gudbranson
Time
Total ForwardTotal DefenseLast Minutes OffensiveLast Minutes Defensive
60:00 60:00 0:000:00
Extra Forwards
Normal PowerPlayPenalty Kill
Connor McDavid, Phillip Danault, Cody GlassCody Glass, Pierre EngvallBrayden Schenn
Extra Defensemen
Normal PowerPlayPenalty Kill
John Carlson, Owen Power, Alec MartinezIlya Lyubushkin, John CarlsonOwen Power
Penalty Shots
Cody Glass, Ryan Graves, Connor McDavid, Tim Stutzle, Owen Power
Goalie
Joonas Korpisalo, Kaapo Kahkonen
Custom OT Lines Forwards
Connor McDavid, Tim Stutzle, Phillip Danault, Brayden Schenn, Barrett Hayton, Owen Tippett, Cody Glass, Pierre Engvall, Brendan Gallagher, Miles Wood
Custom OT Lines Defensemen
John Carlson, Ryan Graves, Owen Power, Erik Gudbranson, Alec Martinez
Scratches
Vinnie Hinostroza (Healthy), Michael Del Zotto (Healthy)


Play-by-Play

1st period


0:01 of 1st period - Patrice Bergeron wins face-off versus Tim Stutzle in neutral zone.
0:14 of 1st period - Snap shot by Connor McDavid.
0:14 of 1st period - Shot Misses the Net.
0:16 of 1st period - Slapshot by John Carlson.
0:16 of 1st period - Shot Misses the Net.
0:26 of 1st period - John Carlson is hit by Elias Lindholm.
0:30 of 1st period - Wrist shot by Brayden Schenn.
0:30 of 1st period - Stopped by Jake Oettinger with a rebound.
0:32 of 1st period - Slapshot by Erik Gudbranson.
0:32 of 1st period - Stopped by Jake Oettinger with a rebound.
1:10 of 1st period - Snap shot by Cody Glass.
1:10 of 1st period - Shot Misses the Net.
1:59 of 1st period - Slapshot by Miles Wood.
1:59 of 1st period - Shot Misses the Net.
2:40 of 1st period - Wrist shot by Connor McDavid.
2:40 of 1st period - Shot Misses the Net.
2:42 of 1st period - Slapshot by Connor McDavid.
2:42 of 1st period - Stopped by Jake Oettinger without a rebound.
2:43 of 1st period - Connor McDavid wins face-off versus Patrice Bergeron in Wild zone.
2:52 of 1st period - John Carlson is hit by Patrice Bergeron and loses puck.
2:57 of 1st period - Snap shot by Ryan Nugent-Hopkins.
2:57 of 1st period - Shot Misses the Net.
2:59 of 1st period - Snap shot by Ryan Nugent-Hopkins.
2:59 of 1st period - Shot Misses the Net.
3:57 of 1st period - Wrist shot by Brad Marchand.
3:57 of 1st period - Stopped by Joonas Korpisalo with a rebound.
4:15 of 1st period - Wrist shot by Barrett Hayton.
4:15 of 1st period - Shot Blocked by Mario Ferraro.
4:37 of 1st period - Slapshot by Tim Stutzle.
4:37 of 1st period - Shot Blocked by Alexandre Carrier.
5:01 of 1st period - Snap shot by Miles Wood.
5:01 of 1st period - Stopped by Jake Oettinger with a rebound.
5:03 of 1st period - Snap shot by Miles Wood.
5:03 of 1st period - Stopped by Jake Oettinger without a rebound.
5:04 of 1st period - Connor McDavid wins face-off versus Elias Lindholm in Wild zone.
5:19 of 1st period - Slapshot by Tim Stutzle.
5:19 of 1st period - Shot Hit the Post.
5:21 of 1st period - Backhand shot by Ryan Graves.
5:21 of 1st period - Shot Blocked by Adrian Kempe.
5:58 of 1st period - Slapshot by Miles Wood.
5:58 of 1st period - Shot Blocked by Kevin Stenlund.
6:10 of 1st period - Devon Toews is hit by Erik Gudbranson and loses puck.
6:25 of 1st period - Wrist shot by Jack Eichel.
6:25 of 1st period - Shot Blocked by Owen Power.
7:12 of 1st period - Barrett Hayton is hit by Yakov Trenin and loses puck.
7:38 of 1st period - Ilya Lyubushkin is hit by Patrice Bergeron and loses puck.
7:55 of 1st period - Devon Toews is hit by Nico Sturm and loses puck.
8:43 of 1st period - Icing by Erik Gudbranson.
8:44 of 1st period - Jack Eichel wins face-off versus Phillip Danault in Oilers zone.
8:53 of 1st period - Snap shot by Jack Eichel.
8:53 of 1st period - Deflect By Alex DeBrincat.
8:53 of 1st period - Shot Misses the Net.
8:53 of 1st period - Puck is out of play.
8:54 of 1st period - Connor McDavid wins face-off versus Patrice Bergeron in Oilers zone.
9:11 of 1st period - Snap shot by Tim Stutzle.
9:11 of 1st period - Stopped by Jake Oettinger with a rebound.
9:48 of 1st period - Off-side.
9:49 of 1st period - Patrice Bergeron wins face-off versus Connor McDavid in neutral zone.
10:02 of 1st period - Snap shot by Tim Stutzle.
10:02 of 1st period - Shot Blocked by Brayden McNabb.
10:04 of 1st period - Slapshot by Ryan Graves.
10:04 of 1st period - Stopped by Jake Oettinger without a rebound.
10:05 of 1st period - Elias Lindholm wins face-off versus Phillip Danault in Wild zone.
10:18 of 1st period - Backhand shot by Elias Lindholm.
10:18 of 1st period - Shot Misses the Net.
10:20 of 1st period - Snap shot by Elias Lindholm.
10:20 of 1st period - Stopped by Joonas Korpisalo without a rebound.
10:21 of 1st period - Connor McDavid wins face-off versus Patrice Bergeron in Oilers zone.
10:21 of 1st period - Connor McDavid is hit by Devon Toews.
10:58 of 1st period - Minor Penalty to Alex DeBrincat for Holding.
10:59 of 1st period - Ryan Nugent-Hopkins wins face-off versus Tim Stutzle in Wild zone.
11:12 of 1st period - Ryan Nugent-Hopkins is hit by Owen Tippett and loses puck.
12:57 of 1st period - Barrett Hayton is hit by Yakov Trenin and loses puck.
12:58 of 1st period - Penalty to Alex DeBrincat is over, Alex DeBrincat is back on ice.
13:10 of 1st period - Slapshot by Alex DeBrincat.
13:10 of 1st period - Shot Misses the Net.
13:12 of 1st period - Snap shot by Alex DeBrincat.
13:12 of 1st period - Stopped by Joonas Korpisalo with a rebound.
13:51 of 1st period - Snap shot by Alex DeBrincat.
13:51 of 1st period - Deflect By Yakov Trenin.
13:51 of 1st period - Stopped by Joonas Korpisalo with a rebound.
13:53 of 1st period - Slapshot by Alexander Edler.
13:53 of 1st period - Shot Misses the Net.
14:05 of 1st period - Snap shot by Alex DeBrincat.
14:05 of 1st period - Shot Blocked by Phillip Danault.
14:07 of 1st period - Snap shot by Brayden McNabb.
14:07 of 1st period - Stopped by Joonas Korpisalo without a rebound.
14:08 of 1st period - Patrice Bergeron wins face-off versus Connor McDavid in Oilers zone.
14:27 of 1st period - Patrice Bergeron is hit by Connor McDavid and loses puck.
14:57 of 1st period - Icing by William Nylander.
14:58 of 1st period - Nico Sturm wins face-off versus Elias Lindholm in Wild zone.
15:03 of 1st period - Wrist shot by Miles Wood.
15:03 of 1st period - Stopped by Jake Oettinger without a rebound.
15:04 of 1st period - Patrice Bergeron wins face-off versus Nico Sturm in Wild zone.
15:33 of 1st period - Wrist shot by Miles Wood.
15:33 of 1st period - Stopped by Jake Oettinger with a rebound.
15:55 of 1st period - John Carlson is hit by Mario Ferraro and loses puck.
17:00 of 1st period - Icing by Kirill Marchenko.
17:01 of 1st period - Nico Sturm wins face-off versus Chris Tierney in Wild zone.
17:26 of 1st period - Snap shot by Kirill Marchenko.
17:26 of 1st period - Stopped by Joonas Korpisalo without a rebound.
17:27 of 1st period - Patrice Bergeron wins face-off versus Phillip Danault in Oilers zone.
17:31 of 1st period - Minor Penalty to Brayden Schenn for Goalie Interference.
17:32 of 1st period - Patrice Bergeron wins face-off versus Nico Sturm in Oilers zone.
17:36 of 1st period - Snap shot by William Nylander.
17:36 of 1st period - Stopped by Joonas Korpisalo without a rebound.
17:37 of 1st period - Nico Sturm wins face-off versus Patrice Bergeron in Oilers zone.
17:40 of 1st period - Slapshot by Ryan Nugent-Hopkins.
17:40 of 1st period - Shot Hit the Post.
17:48 of 1st period - Nico Sturm is hit by Devon Toews and loses puck.
18:17 of 1st period - Snap shot by William Nylander.
18:17 of 1st period - Shot Blocked by Phillip Danault.
18:25 of 1st period - Snap shot by Patrice Bergeron.
18:25 of 1st period - Stopped by Joonas Korpisalo without a rebound.
18:26 of 1st period - Nico Sturm wins face-off versus Jack Eichel in Oilers zone.
19:31 of 1st period - Penalty to Brayden Schenn is over, Brayden Schenn is back on ice.
19:49 of 1st period - Snap shot by Connor McDavid.
19:49 of 1st period - Stopped by Jake Oettinger with a rebound.
Goals for this period are 0 for Wild vs 0 for Oilers.
Shots for this period are 8 for Wild vs 10 for Oilers.

2nd period


0:01 of 2nd period - Patrice Bergeron wins face-off versus Connor McDavid in neutral zone.
0:34 of 2nd period - Snap shot by Phillip Danault.
0:34 of 2nd period - Stopped by Jake Oettinger with a rebound.
0:36 of 2nd period - Slapshot by Erik Gudbranson.
0:36 of 2nd period - Stopped by Jake Oettinger without a rebound.
0:37 of 2nd period - Ryan Nugent-Hopkins wins face-off versus Cody Glass in Wild zone.
0:37 of 2nd period - Ryan Nugent-Hopkins is hit by John Carlson.
2:07 of 2nd period - Slapshot by Yakov Trenin.
2:07 of 2nd period - Shot Misses the Net.
2:11 of 2nd period - Snap shot by Ryan Nugent-Hopkins.
2:11 of 2nd period - Stopped by Joonas Korpisalo with a rebound.
3:19 of 2nd period - Snap shot by Phillip Danault.
3:19 of 2nd period - Stopped by Jake Oettinger without a rebound.
3:20 of 2nd period - Patrice Bergeron wins face-off versus Brayden Schenn in Wild zone.
4:08 of 2nd period - Icing by Elias Lindholm.
4:09 of 2nd period - Miles Wood wins face-off versus Elias Lindholm in Wild zone.
4:36 of 2nd period - Elias Lindholm is hit by Phillip Danault and loses puck.
4:58 of 2nd period - Off-side.
4:59 of 2nd period - Connor McDavid wins face-off versus Patrice Bergeron in neutral zone.
5:08 of 2nd period - Snap shot by Connor McDavid.
5:08 of 2nd period - Shot Misses the Net.
5:22 of 2nd period - Slapshot by Patrice Bergeron.
5:22 of 2nd period - Stopped by Joonas Korpisalo with a rebound.
5:24 of 2nd period - Slapshot by Devon Toews.
5:24 of 2nd period - Stopped by Joonas Korpisalo without a rebound.
5:25 of 2nd period - Phillip Danault wins face-off versus Jack Eichel in Oilers zone.
6:21 of 2nd period - Slapshot by Connor McDavid.
6:21 of 2nd period - Shot Blocked by Alexandre Carrier.
6:23 of 2nd period - Snap shot by Ilya Lyubushkin.
6:23 of 2nd period - Stopped by Jake Oettinger without a rebound.
6:24 of 2nd period - Phillip Danault wins face-off versus Brad Marchand in Wild zone.
6:27 of 2nd period - Wrist shot by Phillip Danault.
6:27 of 2nd period - Shot Misses the Net.
6:29 of 2nd period - Snap shot by Brayden Schenn.
6:29 of 2nd period - Shot Misses the Net.
6:31 of 2nd period - Snap shot by Barrett Hayton.
6:31 of 2nd period - Shot Misses the Net.
6:33 of 2nd period - Snap shot by Brayden Schenn.
6:33 of 2nd period - Shot Blocked by Devon Toews.
6:35 of 2nd period - Snap shot by Phillip Danault.
6:35 of 2nd period - Goal by Phillip Danault - Wild : 0 - Oilers : 1.
6:36 of 2nd period - Patrice Bergeron wins face-off versus Connor McDavid in neutral zone.
6:39 of 2nd period - Slapshot by Ryan Nugent-Hopkins.
6:39 of 2nd period - Stopped by Joonas Korpisalo with a rebound.
6:41 of 2nd period - Wrist shot by Ryan Nugent-Hopkins.
6:41 of 2nd period - Shot Misses the Net.
6:43 of 2nd period - Snap shot by Patrice Bergeron.
6:43 of 2nd period - Shot Misses the Net.
6:45 of 2nd period - Slapshot by Devon Toews.
6:45 of 2nd period - Stopped by Joonas Korpisalo with a rebound.
7:05 of 2nd period - Slapshot by Alex DeBrincat.
7:05 of 2nd period - Shot Misses the Net.
8:10 of 2nd period - Snap shot by Tim Stutzle.
8:10 of 2nd period - Deflect By Connor McDavid.
8:10 of 2nd period - Stopped by Jake Oettinger without a rebound.
8:11 of 2nd period - Patrice Bergeron wins face-off versus Connor McDavid in Wild zone.
8:43 of 2nd period - Phillip Danault is hit by Alexandre Carrier and loses puck.
9:46 of 2nd period - Minor Penalty to Brad Marchand for Holding Stick.
9:47 of 2nd period - Connor McDavid wins face-off versus Ryan Nugent-Hopkins in Wild zone.
9:52 of 2nd period - Slapshot by Tim Stutzle.
9:52 of 2nd period - Goal by Tim Stutzle - Wild : 0 - Oilers : 2.
9:53 of 2nd period - Patrice Bergeron wins face-off versus Connor McDavid in neutral zone.
10:06 of 2nd period - Snap shot by Brad Marchand.
10:06 of 2nd period - Stopped by Joonas Korpisalo without a rebound.
10:07 of 2nd period - Phillip Danault wins face-off versus Jack Eichel in Oilers zone.
10:48 of 2nd period - Tim Stutzle is hit by Ryan Nugent-Hopkins and loses puck.
11:04 of 2nd period - Wrist shot by Cody Glass.
11:04 of 2nd period - Shot Misses the Net.
11:18 of 2nd period - Brendan Gallagher is hit by Alexandre Carrier and loses puck.
13:35 of 2nd period - Minor Penalty to Alexandre Carrier for Tripping.
13:36 of 2nd period - Ryan Nugent-Hopkins wins face-off versus Connor McDavid in Wild zone.
13:36 of 2nd period - Ryan Nugent-Hopkins is hit by Owen Tippett.
14:36 of 2nd period - Wrist shot by Brad Marchand.
14:36 of 2nd period - Shot Misses the Net.
14:38 of 2nd period - Snap shot by Adrian Kempe.
14:38 of 2nd period - Shot Misses the Net.
14:40 of 2nd period - Snap shot by Brad Marchand.
14:40 of 2nd period - Deflect By Connor McDavid.
14:40 of 2nd period - Stopped by Joonas Korpisalo without a rebound.
14:41 of 2nd period - Ryan Nugent-Hopkins wins face-off versus Brayden Schenn in Oilers zone.
14:54 of 2nd period - Snap shot by Phillip Danault.
14:54 of 2nd period - Stopped by Jake Oettinger without a rebound.
14:55 of 2nd period - Ryan Nugent-Hopkins wins face-off versus Phillip Danault in Wild zone.
15:08 of 2nd period - Snap shot by Brayden Schenn.
15:08 of 2nd period - Goal by Brayden Schenn - Wild : 0 - Oilers : 3.
15:09 of 2nd period - Patrice Bergeron wins face-off versus Connor McDavid in neutral zone.
15:44 of 2nd period - Wrist shot by Phillip Danault.
15:44 of 2nd period - Stopped by Jake Oettinger without a rebound.
15:45 of 2nd period - Cody Glass wins face-off versus Jack Eichel in Wild zone.
15:48 of 2nd period - Slapshot by Brendan Gallagher.
15:48 of 2nd period - Stopped by Jake Oettinger with a rebound.
15:50 of 2nd period - Wrist shot by Brendan Gallagher.
15:50 of 2nd period - Shot Misses the Net.
15:52 of 2nd period - Snap shot by Brendan Gallagher.
15:52 of 2nd period - Stopped by Jake Oettinger without a rebound.
15:53 of 2nd period - Pierre Engvall wins face-off versus Jack Eichel in Wild zone.
16:42 of 2nd period - Off-side.
16:43 of 2nd period - Patrice Bergeron wins face-off versus Connor McDavid in neutral zone.
17:52 of 2nd period - Wrist shot by Tim Stutzle.
17:52 of 2nd period - Stopped by Jake Oettinger with a rebound.
18:03 of 2nd period - Icing by Barrett Hayton.
18:04 of 2nd period - Elias Lindholm wins face-off versus Cody Glass in Oilers zone.
18:17 of 2nd period - Snap shot by Adrian Kempe.
18:17 of 2nd period - Stopped by Joonas Korpisalo without a rebound.
18:18 of 2nd period - Patrice Bergeron wins face-off versus Phillip Danault in Oilers zone.
18:27 of 2nd period - Snap shot by Brad Marchand.
18:27 of 2nd period - Stopped by Joonas Korpisalo without a rebound.
18:28 of 2nd period - Phillip Danault wins face-off versus Patrice Bergeron in Oilers zone.
18:35 of 2nd period - Snap shot by Brad Marchand.
18:35 of 2nd period - Shot Misses the Net.
18:37 of 2nd period - Slapshot by Ryan Nugent-Hopkins.
18:37 of 2nd period - Stopped by Joonas Korpisalo with a rebound.
18:39 of 2nd period - Wrist shot by Brayden McNabb.
18:39 of 2nd period - Stopped by Joonas Korpisalo without a rebound.
18:40 of 2nd period - Patrice Bergeron wins face-off versus Connor McDavid in Oilers zone.
18:41 of 2nd period - Snap shot by Ryan Nugent-Hopkins.
18:41 of 2nd period - Stopped by Joonas Korpisalo without a rebound.
18:42 of 2nd period - Connor McDavid wins face-off versus Patrice Bergeron in Oilers zone.
18:57 of 2nd period - Wrist shot by Connor McDavid.
18:57 of 2nd period - Stopped by Jake Oettinger with a rebound.
19:55 of 2nd period - Backhand shot by Kirill Marchenko.
19:55 of 2nd period - Shot Misses the Net.
19:57 of 2nd period - Snap shot by Chris Tierney.
19:57 of 2nd period - Stopped by Joonas Korpisalo without a rebound.
19:58 of 2nd period - Nico Sturm wins face-off versus Chris Tierney in Oilers zone.
Goals for this period are 0 for Wild vs 3 for Oilers.
Shots for this period are 13 for Wild vs 14 for Oilers.

3rd period


0:01 of 3rd period - Connor McDavid wins face-off versus Patrice Bergeron in neutral zone.
0:30 of 3rd period - Wrist shot by Tim Stutzle.
0:30 of 3rd period - Shot Misses the Net.
0:32 of 3rd period - Snap shot by Phillip Danault.
0:32 of 3rd period - Stopped by Jake Oettinger with a rebound.
0:40 of 3rd period - Slapshot by Brayden Schenn.
0:40 of 3rd period - Shot Misses the Net.
0:54 of 3rd period - Snap shot by William Nylander.
0:54 of 3rd period - Deflect By Adrian Kempe.
0:54 of 3rd period - Goal by Adrian Kempe - Wild : 1 - Oilers : 3.
0:55 of 3rd period - Patrice Bergeron wins face-off versus Connor McDavid in neutral zone.
1:02 of 3rd period - Slapshot by John Carlson.
1:02 of 3rd period - Shot Blocked by Patrice Bergeron.
1:08 of 3rd period - Wrist shot by Tim Stutzle.
1:08 of 3rd period - Shot Misses the Net.
1:22 of 3rd period - Brayden Schenn is hit by Brandon Carlo and loses puck.
2:13 of 3rd period - Slapshot by Miles Wood.
2:13 of 3rd period - Shot Blocked by Alexander Edler.
2:33 of 3rd period - Snap shot by William Nylander.
2:33 of 3rd period - Shot Misses the Net.
2:35 of 3rd period - Slapshot by Elias Lindholm.
2:35 of 3rd period - Shot Misses the Net.
2:37 of 3rd period - Slapshot by Mario Ferraro.
2:37 of 3rd period - Shot Misses the Net.
2:39 of 3rd period - Snap shot by Adrian Kempe.
2:39 of 3rd period - Stopped by Joonas Korpisalo without a rebound.
2:40 of 3rd period - Patrice Bergeron wins face-off versus Connor McDavid in Oilers zone.
2:41 of 3rd period - Wrist shot by Ryan Nugent-Hopkins.
2:41 of 3rd period - Stopped by Joonas Korpisalo with a rebound.
2:53 of 3rd period - Slapshot by Connor McDavid.
2:53 of 3rd period - Shot Blocked by Devon Toews.
2:55 of 3rd period - Snap shot by Tim Stutzle.
2:55 of 3rd period - Shot Misses the Net.
2:57 of 3rd period - Slapshot by Ryan Graves.
2:57 of 3rd period - Shot Blocked by Brad Marchand.
4:54 of 3rd period - Erik Gudbranson is hit by Brandon Carlo and loses puck.
5:20 of 3rd period - Owen Power is hit by Alexander Edler.
6:02 of 3rd period - Wrist shot by Brayden Schenn.
6:02 of 3rd period - Shot Blocked by Alexander Edler.
6:30 of 3rd period - Snap shot by Brayden Schenn.
6:30 of 3rd period - Stopped by Jake Oettinger with a rebound.
6:32 of 3rd period - Backhand shot by Alec Martinez.
6:32 of 3rd period - Shot Blocked by Patrice Bergeron.
7:08 of 3rd period - Slapshot by Phillip Danault.
7:08 of 3rd period - Deflect By Barrett Hayton.
7:08 of 3rd period - Stopped by Jake Oettinger without a rebound.
7:09 of 3rd period - Kevin Stenlund wins face-off versus Tim Stutzle in Wild zone.
7:11 of 3rd period - Minor Penalty to Alex DeBrincat for Roughing.
7:12 of 3rd period - Connor McDavid wins face-off versus Chris Tierney in Wild zone.
7:22 of 3rd period - Adrian Kempe is hit by Owen Tippett and loses puck.
7:39 of 3rd period - Owen Power is hit by Yakov Trenin and loses puck.
8:34 of 3rd period - Slapshot by Devon Toews.
8:34 of 3rd period - Shot Misses the Net.
8:40 of 3rd period - Elias Lindholm is hit by Connor McDavid.
9:11 of 3rd period - Penalty to Alex DeBrincat is over, Alex DeBrincat is back on ice.
9:15 of 3rd period - Icing by Alec Martinez.
9:16 of 3rd period - Chris Tierney wins face-off versus Craig Smith in Oilers zone.
9:36 of 3rd period - Pierre Engvall is hit by Elias Lindholm and loses puck.
10:54 of 3rd period - Icing by Owen Tippett.
10:55 of 3rd period - Patrice Bergeron wins face-off versus Connor McDavid in Oilers zone.
11:10 of 3rd period - Snap shot by Patrice Bergeron.
11:10 of 3rd period - Stopped by Joonas Korpisalo without a rebound.
11:11 of 3rd period - Jack Eichel wins face-off versus Phillip Danault in Oilers zone.
11:23 of 3rd period - Minor Penalty to Devon Toews for Holding.
11:24 of 3rd period - Connor McDavid wins face-off versus Ryan Nugent-Hopkins in Wild zone.
11:25 of 3rd period - Slapshot by Tim Stutzle.
11:25 of 3rd period - Stopped by Jake Oettinger without a rebound.
11:26 of 3rd period - Connor McDavid wins face-off versus Ryan Nugent-Hopkins in Wild zone.
11:52 of 3rd period - Snap shot by Connor McDavid.
11:52 of 3rd period - Goal by Connor McDavid - Wild : 1 - Oilers : 4.
11:53 of 3rd period - Patrice Bergeron wins face-off versus Connor McDavid in neutral zone.
11:56 of 3rd period - Ryan Graves is hit by Brad Marchand and loses puck.
12:05 of 3rd period - Slapshot by Patrice Bergeron.
12:05 of 3rd period - Stopped by Joonas Korpisalo with a rebound.
12:40 of 3rd period - Slapshot by Miles Wood.
12:40 of 3rd period - Deflect By Nico Sturm.
12:40 of 3rd period - Stopped by Jake Oettinger with a rebound.
12:46 of 3rd period - Ilya Lyubushkin is hit by Brayden McNabb and loses puck.
13:11 of 3rd period - Snap shot by Connor McDavid.
13:11 of 3rd period - Shot Misses the Net.
13:13 of 3rd period - Slapshot by Alec Martinez.
13:13 of 3rd period - Shot Blocked by Mario Ferraro.
13:15 of 3rd period - Slapshot by Ilya Lyubushkin.
13:15 of 3rd period - Shot Blocked by Mario Ferraro.
13:29 of 3rd period - Snap shot by Brayden Schenn.
13:29 of 3rd period - Stopped by Jake Oettinger with a rebound.
13:31 of 3rd period - Wrist shot by Ryan Graves.
13:31 of 3rd period - Shot Misses the Net.
13:33 of 3rd period - Wrist shot by John Carlson.
13:33 of 3rd period - Deflect By Barrett Hayton.
13:33 of 3rd period - Shot Blocked by Mario Ferraro.
13:33 of 3rd period - Puck is out of play.
13:34 of 3rd period - Owen Tippett wins face-off versus Brad Marchand in Wild zone.
13:49 of 3rd period - Snap shot by Tim Stutzle.
13:49 of 3rd period - Shot Misses the Net.
15:20 of 3rd period - Ilya Lyubushkin is hit by Alexander Edler and loses puck.
15:27 of 3rd period - Wrist shot by Craig Smith.
15:27 of 3rd period - Shot Misses the Net.
15:29 of 3rd period - Slapshot by Ilya Lyubushkin.
15:29 of 3rd period - Shot Misses the Net.
15:31 of 3rd period - Slapshot by Ilya Lyubushkin.
15:31 of 3rd period - Shot Blocked by Alexandre Carrier.
15:39 of 3rd period - Snap shot by Nico Sturm.
15:39 of 3rd period - Stopped by Jake Oettinger without a rebound.
15:40 of 3rd period - Connor McDavid wins face-off versus Patrice Bergeron in Wild zone.
15:41 of 3rd period - Wrist shot by Tim Stutzle.
15:41 of 3rd period - Shot Misses the Net.
16:26 of 3rd period - Erik Gudbranson is hit by Brandon Carlo and loses puck.
16:35 of 3rd period - Slapshot by Chris Tierney.
16:35 of 3rd period - Shot Misses the Net.
19:20 of 3rd period - Alec Martinez is hit by Ryan Nugent-Hopkins and loses puck.
Goals for this period are 1 for Wild vs 1 for Oilers.
Shots for this period are 5 for Wild vs 8 for Oilers.